 Dungeon Crawl Stone Soup version 0.29.1-15-g9cfb28693d (webtiles) character file.

Game seed: 483012745325653836

3047 Ovid the Magician (level 9, 0/60 (67) HPs)
             Began as a Gnoll Fire Elementalist on Apr 28, 2023.
             Was an Elder of Ru.
             Slain by a wight
             ... wielding a +2 spear
              (3 damage)
             ... on level 8 of the Dungeon.
             The game lasted 00:32:28 (9036 turns).

Ovid the Magician (Gnoll Fire Elementalist)         Turns: 9036, Time: 00:32:28

HP:   0/60 (67)     AC: 10    Str:  9    XL:     9   Next: 87%
MP:   19/28         EV: 12    Int: 23    God:    Ru [****..]
Gold: 531           SH:  0    Dex: 13    Spells: 9/22 levels left

rFire   . . .      SeeInvis +   j - +6 long sword "Acarine's Demise" {protect, Dex-4 SInv Stlth+}
rCold   . . .      Faith    .   (shield unavailable)
rNeg    . . .      Spirit   .   n - +3 ring mail "Quchip" {Harm Will+ MP+9 Int+4}
rPois   .          Reflect  .   p - +1 helmet of Weightlessness {Rampage Int+2 Dex+4}
rElec   .          Harm     +   h - scarf {+Inv}
rCorr   .          Rampage  +   (no gloves)
Will    ++...                   (no boots)
Stlth   ++++......              y - amulet of regeneration
HPRegen 1.00/turn               (ring unavailable)
MPRegen 0.21/turn               A - ring of willpower

@: very slightly contaminated, heavily drained
A: fangs 1, missing a hand, inability to train armour, strong nose, distributed
training
a: Renounce Religion, Evoke Invisibility, Draw Out Power, Power Leap


You were on level 8 of the Dungeon.
You worshipped Ru.
Ru was greatly pleased with you.
You visited 2 branches of the dungeon, and saw 9 of its levels.
You also visited: Sewer.

You collected 531 gold pieces.

Inventory:

Hand Weapons
 j - the +6 long sword "Acarine's Demise" (weapon) {protect, Dex-4 SInv Stlth+}
   (You acquired it on level 3 of the Dungeon)

   It grants its wielder temporary protection when it strikes (+7 to AC).
   Dex:       It affects your dexterity (-4).
   SInv:      It lets you see invisible.
   Stlth:     It makes you more stealthy.
 m - a +1 vorpal battleaxe
Missiles
 r - 4 boomerangs of dispersal
 G - 2 curare-tipped darts (quivered)
 H - 5 poisoned darts
Armour
 a - a +0 robe
 h - a scarf of invisibility (worn)
 n - the +3 ring mail "Quchip" (worn) {Harm Will+ MP+9 Int+4}
   (You found it on level 4 of the Dungeon)

   Int:       It affects your intelligence (+4).
   MP:        It affects your magic capacity (+9).
   Harm:      It increases damage dealt and taken.
   Will:      It increases your willpower.
 p - the +1 helmet of Weightlessness (worn) {Rampage Int+2 Dex+4}
   (You took it off Robin on level 3 of the Dungeon)

   Int:       It affects your intelligence (+2).
   Dex:       It affects your dexterity (+4).
   Rampage:   It bestows one free step when moving towards enemies.
Jewellery
 k - a ring of wizardry
 t - a ring of wizardry
 y - an amulet of regeneration (around neck)
 A - a ring of willpower (right hand)
 B - a ring of protection from fire
 F - a ring of magical power
Wands
 D - a wand of polymorph (11)
Scrolls
 d - a scroll of noise
 f - 3 scrolls of magic mapping
 l - 8 scrolls of teleportation
 q - 2 scrolls of blinking
 w - 2 scrolls of poison
 z - a scroll of fear
Potions
 b - 4 potions of degeneration {unknown}
 c - 4 potions of lignification {unknown}
 e - 6 potions of might
 g - a potion of ambrosia {unknown}
 i - 2 potions of brilliance
 o - 2 potions of attraction
 s - 2 potions of flight
 u - 2 potions of curing
 v - 2 potions of cancellation {unknown}
 x - 3 potions of heal wounds {unknown}
 C - a potion of mutation {unknown}
 E - a potion of berserk rage {unknown}


   Skills:
 + Level 4.8 Fighting
 + Level 4.8 Short Blades
 + Level 4.8 Long Blades
 + Level 4.8 Axes
 + Level 4.8 Maces & Flails
 + Level 4.8 Polearms
 + Level 4.8 Staves
 + Level 4.8 Ranged Weapons
 + Level 4.8 Throwing
   Level 0.0 Armour
 + Level 6.7 Dodging
 + Level 6.5 Stealth
   Level 0.0 Shields
 + Level 4.8 Unarmed Combat
 + Level 7.0 Spellcasting
 + Level 4.6 Conjurations
 + Level 4.0 Hexes
 + Level 4.0 Summonings
 + Level 4.0 Necromancy
 + Level 4.0 Translocations
 + Level 4.0 Transmutations
 + Level 6.8 Fire Magic
 + Level 4.0 Ice Magic
 + Level 4.0 Air Magic
 + Level 4.0 Earth Magic
 + Level 4.0 Poison Magic
 + Level 5.3 Invocations
 + Level 4.8 Evocations


You had 9 spell levels left.
You knew the following spells:

 Your Spells              Type           Power      Damage    Failure   Level
a - Foxfire               Conj/Fire      100%       2x1d9     1%          1
b - Scorch                Fire           78%        2d9       1%          2
c - Inner Flame           Hex/Fire       33%        N/A       7%          3
d - Flame Wave            Conj/Fire      34%        2d10      21%         4
e - Ignite Poison         Fire/Tmut/Pois 31%        N/A       9%          3

Your spell library contained the following spells:

 Spells                   Type           Power      Damage    Failure   Level
 Slow                     Hex            100%       N/A       4%          1
 Conjure Flame            Conj/Fire      34%        6-21      6%          3
 Sticky Flame             Conj/Fire      34%        2d5       21%         4
 Summon Ice Beast         Ice/Summ       26%        N/A       38%         4
 Polar Vortex             Ice            13%        N/A       100%        9


Dungeon Overview and Level Annotations

Branches:
Dungeon (8/15)             Temple (1/1) D:4           Sewer (visited)
   Lair: D:8-11

Altars:
Dithmenos
Elyvilon
Fedhas
Kikubaaqudgha
Okawaru
Ru
Trog

Shops:
D:6 (


Innate Abilities, Weirdness & Mutations

You have very sharp teeth.
You are missing a hand.
You cannot train Armour skill.
Your uncanny sense of smell can sniff out nearby items.
Your experience applies equally to all skills.


Message History

Casting: Scorch (safe; 1% risk of failure)
Confirm with . or Enter, or press ? or * to list all spells.
Casting: Flame Wave (dangerous; 21% risk of failure)
Press: ? - help, Dir - look around, f - activate A wave of flame ripples out! (Press . to intensify the flame waves.) Unknown command.
A wave of flame ripples out!
The flame wave engulfs the wight.
The wight is moderately damaged.
The wight misses you.
A wave of flame ripples out!
The flame wave engulfs the wight!
The wight is almost destroyed.
The flame wave engulfs the wight!
The wight is almost destroyed.
The flame wave engulfs the wight.
The wight is moderately damaged.
You finish channelling waves of flame.
The wight hits you with a +2 vorpal long sword!
You feel drained.
You focus your inner power and illuminate the wight in retribution!
The wight hits you from afar with a +2 spear!
The wight hits you with a +2 vorpal long sword!
You feel drained.
Casting: Flame Wave (dangerous; 21% risk of failure)
Confirm with . or Enter, or press ? or * to list all spells.
Casting: Flame Wave (dangerous; 21% risk of failure)
Press: ? - help, Dir - look around, f - activate You miscast Flame Wave.
You are very lightly contaminated with residual magic.
You are caught in a fiery explosion!
The wight hits you with a +0 long sword.
You feel drained.
The wight hits you from afar with a +2 spear!
* * * LOW HITPOINT WARNING * * *
The wight misses you. The wight barely misses you.
The wight hits you from afar with a +2 spear!
* * * LOW HITPOINT WARNING * * *
You feel drained.
You die...

######....#
..........#####
######.........
##.####### #.#
∆ #.# ##'##
##...## #..@..#
#..zz..># ###
#...z.....# ...
+.........+ ###
#.........#
##.......##
##.....##
##...##


You could see 3 wights.

Vanquished Creatures
  Maggie (D:7)
  4 steam dragons
  Edmund (D:6)
  A water moccasin (D:5)
  Duvessa (D:7)
  An orc warrior (D:8)
  A black bear (D:6)
  An ogre (D:4)
  2 centaurs
  2 phantoms
  2 kobold brigands (D:8)
  A necrophage (D:5)
  3 bullfrogs
  A scorpion (D:4)
  Dowan (D:7)
  6 howler monkeys
  A jelly (D:6)
  3 hounds
  An orc priest (D:7)
  A gnoll bouda (D:7)
  4 iguanas
  3 orc wizards (D:7)
  Robin (D:3)
  5 gnolls
  6 adders
  2 shadow imps
  2 white imps
  2 worms
  3 dart slugs
  21 orcs
  6 endoplasms
  11 giant cockroaches
  16 goblins
  18 hobgoblins
  9 kobolds
  8 quokkas
  8 ball pythons
  7 bats
  12 frilled lizards
  9 rats
188 creatures vanquished.

Vanquished Creatures (others)
  34 foxfires
  4 fungi (D:7)
  2 plants (D:1)
  4 withered plants (D:1)
44 creatures vanquished.

Grand Total: 232 creatures vanquished

Notes
Turn   | Place    | Note
-------+----------+-------------------------------------------
     0 | D:1      | Ovid the Gnoll Fire Elementalist began the quest for the
                  | Orb.
     0 | D:1      | Reached XP level 1. HP: 13/13 MP: 6/6
   515 | D:1      | Reached XP level 2. HP: 19/19 MP: 5/7
   518 | D:1      | Learned a level 2 spell: Scorch
  1087 | D:3      | Identified the +1 helmet of Weightlessness {Rampage Int+2
                  | Dex+4}
  1087 | D:3      | Noticed Robin
  1103 | D:2      | Reached skill level 5 in Spellcasting
  1103 | D:2      | Reached XP level 3. HP: 16/25 MP: 5/9
  1206 | D:2      | Learned a level 3 spell: Inner Flame
  1397 | D:3      | Reached skill level 1 in Invocations
  1522 | D:4      | Reached skill level 1 in Fighting
  1522 | D:4      | Reached skill level 1 in Short Blades
  1522 | D:4      | Reached skill level 1 in Long Blades
  1522 | D:4      | Reached skill level 1 in Axes
  1522 | D:4      | Reached skill level 1 in Maces & Flails
  1522 | D:4      | Reached skill level 1 in Polearms
  1522 | D:4      | Reached skill level 1 in Staves
  1522 | D:4      | Reached skill level 1 in Ranged Weapons
  1522 | D:4      | Reached skill level 1 in Throwing
  1522 | D:4      | Reached skill level 1 in Armour
  1522 | D:4      | Reached skill level 1 in Shields
  1522 | D:4      | Reached skill level 1 in Unarmed Combat
  1522 | D:4      | Reached skill level 1 in Evocations
  1532 | D:4      | Found a glowing drain.
  1540 | Sewer    | Entered a sewer
  1637 | Sewer    | Reached XP level 4. HP: 32/32 MP: 6/11
  1777 | Sewer    | Reached skill level 1 in Hexes
  1777 | Sewer    | Reached skill level 1 in Summonings
  1777 | Sewer    | Reached skill level 1 in Necromancy
  1777 | Sewer    | Reached skill level 1 in Translocations
  1777 | Sewer    | Reached skill level 1 in Transmutations
  1777 | Sewer    | Reached skill level 1 in Ice Magic
  1777 | Sewer    | Reached skill level 1 in Air Magic
  1777 | Sewer    | Reached skill level 1 in Earth Magic
  1777 | Sewer    | Reached skill level 1 in Poison Magic
  2126 | Sewer    | Noticed a bullfrog
  2129 | Sewer    | Noticed a bullfrog
  2133 | Sewer    | Killed a bullfrog
  2134 | Sewer    | Reached XP level 5. HP: 22/37 MP: 9/12
  2596 | D:4      | Reached XP level 6. HP: 44/44 MP: 10/13
  2674 | D:4      | Reached skill level 5 in Dodging
  2770 | D:4      | Identified the +3 ring mail "Quchip" {Harm Will+ MP+9
                  | Int+4}
  3083 | D:4      | Learned a level 4 spell: Flame Wave
  3269 | D:4      | Found a staircase to the Ecumenical Temple.
  3288 | Temple   | Entered the Ecumenical Temple
  3390 | Temple   | Became a worshipper of Ru the Awakened
  3510 | D:4      | Reached XP level 7. HP: 51/51 MP: 15/15
  3586 | D:3      | Killed Robin
  3709 | D:3      | Identified a scroll of acquirement
  3711 | D:3      | Acquired the +6 long sword "Acarine's Demise" {protect,
                  | Dex-4 SInv Stlth+}
  4079 | D:2      | Got Sif Muna's Grimoire of Frostbitten Execration
  4411 | D:1      | Found a faded altar of an unknown god.
  4531 | D:1      | Learned a level 3 spell: Ignite Poison
  4589 | D:1      | Gained mutation: You cannot train Armour skill. [Ru
                  | sacrifice]
  4589 | D:1      | Reached * piety under Ru
  5259 | D:5      | Entered Level 5 of the Dungeon
  5377 | D:5      | Reached skill level 5 in Stealth
  5988 | D:5      | Reached XP level 8. HP: 38/58 MP: 16/16
  6494 | D:6      | Reached skill level 6 in Spellcasting
  6743 | D:6      | Found Mynisoff's Antique Weapon Emporium.
  6820 | D:6      | Noticed Edmund
  6830 | D:6      | Killed Edmund
  7234 | D:7      | Noticed Dowan
  7236 | D:7      | Noticed Duvessa
  7238 | D:7      | Killed Dowan
  7241 | D:7      | Reached XP level 9. HP: 54/65 MP: 17/18
  7245 | D:7      | Killed Duvessa
  7258 | D:7      | Gained mutation: You are missing a hand. [Ru sacrifice]
  7258 | D:7      | Reached ** piety under Ru
  7258 | D:7      | Reached *** piety under Ru
  7258 | D:7      | Reached **** piety under Ru
  7808 | D:7      | Noticed Maggie
  7819 | D:7      | Killed Maggie
  8408 | D:8      | Reached skill level 5 in Invocations
  8766 | D:8      | Reached skill level 7 in Spellcasting
  9036 | D:8      | HP: 3/62 [wight/+2 spear (9)]
  9036 | D:8      | Slain by a wight

Illustrated notes

Levels and vault maps discovered:
D:1:      saegor_arrival_miasma, layout_basic,
          shapermc_ecumenical_altar_flowoftime, roderic_roman_lattice
D:2:      layout_rooms, minmay_domino_4
D:3:      layout_loops_ring, hangedman_decor_growths, minmay_between, uniq_robin
D:4:      layout_basic, minmay_temple_entry_statues_pillars,
          gup_sewer_entry_pipe
D:5:      layout_layer_cave
D:6:      layout_gridville, serial_shops, shop, uniq_edmund
D:7:      kennysheep_steamy, layout_basic, uniq_maggie, uniq_duvessa
D:8:      layout_loops_corners, nrook_pool_corridor, minmay_starry_boxes
Temple:   roderic_octagonal_lattice_temple

Skill      XL: |  1  2  3  4  5  6  7  8  9 |
---------------+----------------------------+-----
Conjurations   | 2 3 4 |  4.6
Spellcasting   | 5 6 7 |  7.0
Invocations    | 1 2 3 4 5 |  5.3
Fighting       | 1 2 3 4 |  4.8
Short Blades   | 1 2 3 4 |  4.8
Long Blades    | 1 2 3 4 |  4.8
Axes           | 1 2 3 4 |  4.8
Maces & Flails | 1 2 3 4 |  4.8
Polearms       | 1 2 3 4 |  4.8
Staves         | 1 2 3 4 |  4.8
Ranged Weapons | 1 2 3 4 |  4.8
Throwing       | 1 2 3 4 |  4.8
Armour         | 1 2 0 |  0.0
Shields        | 1 2 3 0 |  0.0
Unarmed Combat | 1 2 3 4 |  4.8
Evocations     | 1 2 3 4 |  4.8
Hexes          | 1 2 3 4 |  4.0
Summonings     | 1 2 3 4 |  4.0
Necromancy     | 1 2 3 4 |  4.0
Translocations | 1 2 3 4 |  4.0
Transmutations | 1 2 3 4 |  4.0
Ice Magic      | 1 2 3 4 |  4.0
Air Magic      | 1 2 3 4 |  4.0
Earth Magic    | 1 2 3 4 |  4.0
Poison Magic   | 1 2 3 4 |  4.0
Dodging        | 5 6 |  6.7
Stealth        | 5 6 |  6.5
Fire Magic     | 6 |  6.8

Action                   |  1- 3 |  4- 6 |  7- 9 || total
-------------------------+-------+-------+-------++-------
Melee: Unarmed           |     4 |       |       ||     4
       Battleaxe         |       |    32 |    15 ||    47
       Bite              |       |     5 |    10 ||    15
       Long sword        |       |       |    95 ||    95
       Punch             |       |       |     1 ||     1
Throw: Boomerang         |    49 |     4 |       ||    53
 Cast: Foxfire           |    17 |     1 |     5 ||    23
       Scorch            |    30 |    34 |    69 ||   133
       Inner Flame       |       |     2 |     2 ||     4
       Flame Wave        |       |       |    11 ||    11
Invok: Sacrifice Durabil |       |       |     1 ||     1
       Sacrifice a Hand  |       |       |     1 ||     1
  Use: Scroll            |     3 |     3 |    10 ||    16
       Potion            |     2 |     1 |     1 ||     4
 Stab: Sleeping          |       |     3 |    12 ||    15
Armor: Robe              |    12 |     9 |       ||    21
       Ring mail         |       |     1 |    72 ||    73
Dodge: Dodged            |    50 |    63 |    68 ||   181
